 Dungeon Crawl Stone Soup version 0.25-a0-835-gb37b1c2 (webtiles) character file.

Game seed: 613422825310879359, levelgen mode: deterministic

2877 MrTaco21 the Basher (level 9, 0/54 HPs)
             Began as a Gargoyle Fighter on Apr 23, 2020.
             Was a Follower of Qazlal.
             Hit by a boomerang thrown by an orc warrior (10 damage)
             ... on level 10 of the Dungeon.
             The game lasted 00:13:13 (7008 turns).

MrTaco21 the Basher (Gargoyle Fighter)              Turns: 7008, Time: 00:13:13

Health: 0/54       AC: 16    Str: 22    XL:     9   Next: 76%
Magic:  9/9        EV:  5    Int: 10    God:    Qazlal [*.....]
Gold:   453        SH: 11    Dex:  9    Spells: 8/8 levels left

rFire    + + .     SeeInvis .   u - +0 whip (venom)
rCold    + . .     Gourm    .   c - +0 kite shield
rNeg     + . .     Faith    .   C - +0 chain mail
rPois    ∞         Spirit   .   x - +0 helmet
rElec    +         Reflect  .   A - scarf {rC+ rF+}
rCorr    +         Harm     .   (no gloves)
MR       .....                  (no boots)
Stlth    ..........             (no amulet)
HPRegen  0.18/turn              F - ring of resist corrosion
MPRegen  0.11/turn              i - ring of protection from fire

@: no status effects
A: negative energy resistance 1, electricity resistance, unbreathing,
petrification resistance, rot immunity, AC +6
a: Renounce Religion


You were on level 10 of the Dungeon.
You worshipped Qazlal.
Qazlal was aware of your devotion.
You were near starving.

You visited 2 branches of the dungeon, and saw 10 of its levels.

You collected 453 gold pieces.

Inventory:

Hand Weapons
 u - a +0 whip of venom (weapon)
   (You took it off a kobold on level 3 of the Dungeon)
 G - a +2 morningstar
   (You took it off a wight on level 7 of the Dungeon)
Missiles
 B - 12 poisoned darts (quivered)
Armour
 c - a +0 kite shield (worn)
 x - a +0 helmet (worn)
   (You found it on level 3 of the Dungeon)
 A - a scarf of resistance (worn)
   (You found it on level 5 of the Dungeon)
 C - a +0 chain mail (worn)
   (You found it on level 4 of the Dungeon)
Magical Staves
 b - an uncursed staff of wizardry {unknown}
   (You found it on level 2 of the Dungeon)
Jewellery
 i - a ring of protection from fire (right hand)
   (You found it on level 5 of the Dungeon)
 q - an uncursed ring of wizardry
   (You found it on level 2 of the Dungeon)
 t - an uncursed amulet of rage
   (You found it on level 3 of the Dungeon)
 y - an uncursed ring of ice
   (You found it on level 4 of the Dungeon)
 F - a ring of resist corrosion (left hand)
   (You found it on level 5 of the Dungeon)
Scrolls
 a - a scroll of random uselessness {unknown}
 h - 7 scrolls of identify {@r1}
 j - 4 scrolls of remove curse {unknown}
 n - 5 scrolls of immolation {unknown}
 o - 2 scrolls of teleportation {unknown}
 p - 3 scrolls of enchant armour {unknown}
 D - 2 scrolls of fog {unknown}
 E - a scroll of enchant weapon {unknown}
Potions
 d - 2 potions of might
 f - 5 potions of curing {unknown}
 g - a potion of cancellation {unknown}
 k - 3 potions of magic {unknown}
 l - 2 potions of heal wounds {unknown}
 m - 3 potions of haste {unknown}
 r - a potion of berserk rage {unknown}
 s - 2 potions of lignification {unknown}
 v - a potion of resistance {unknown}
 w - 3 potions of degeneration {unknown}
 z - a potion of stabbing {unknown}
Comestibles
 e - 5 rations {!d}


   Skills:
 + Level 5.1 Fighting
 - Level 12.0 Maces & Flails
 - Level 3.2 Armour
 + Level 5.3 Shields


You had 8 spell levels left.
You didn't know any spells.
Your spell library contained the following spells:

 Spells                   Type           Power        Failure   Level  Hunger
 Corona                   Hex            #......      100%        1    ##.....
 Magic Dart               Conj           #...         100%        1    ##.....
 Blink                    Tloc           N/A          100%        2    ###....
 Call Imp                 Summ           #.......     100%        2    ###....
 Ensorcelled Hibernation  Hex/Ice        #.....       100%        2    ###....
 Slow                     Hex            #.......     100%        2    ###....
 Confusing Touch          Hex            #.......     100%        3    ####...
 Conjure Flame            Conj/Fire      #.......     100%        3    ####...
 Dazzling Flash           Conj/Hex       #.....       100%        3    ####...
 Mephitic Cloud           Conj/Pois/Air  #.......     100%        3    ####...
 Tukima's Dance           Hex            #.......     100%        3    ####...


Dungeon Overview and Level Annotations

Branches:
Dungeon (10/15)            Temple (1/1) D:7
   Lair: D:8-11         Orc: D:9-12

Altars:
Ashenzari
Dithmenos
Elyvilon
Fedhas
Gozag
Hepliaklqana
Kikubaaqudgha
Makhleb
Nemelex Xobeh
Qazlal
Ru
Trog
Uskayaw
Vehumet
Wu Jian
Xom
Yredelemnul


Innate Abilities, Weirdness & Mutations

You are resistant to torment.
Your stone body is resilient. (AC +6)
You are immune to poison.
You resist negative energy. (rN+)
You are resistant to electric shocks. (rElec)
You can survive without breathing.
You are immune to petrification.
You are immune to rotting.


Message History

You block the boomerang.
The weapon returns to the orc warrior!
The ogre hits you but does no damage. The orc priest barely misses you.
You hit the ogre.
The ogre is poisoned.
You block the orc priest's attack. You block the ogre's attack.
You hit the ogre but do no damage.
The sentinel's mark upon you fades away.
The orc warrior hits you but does no damage.
You block something's attack.
You hit the ogre but do no damage. You block the orc priest's attack.
You hit the ogre but do no damage. Something hits you but does no damage.
The ogre hits you with a +0 giant club.
* * * LOW HITPOINT WARNING * * *
The orc warrior completely misses you.
You hit the ogre but do no damage. Something hits you but does no damage.
You block the orc priest's attack.
You completely miss the ogre. You block the ogre's attack.
The orc warrior hits you with a +0 scimitar.
* * * LOW HITPOINT WARNING * * *
You whack the ogre!
The ogre looks as sick as possible!
You kill the ogre!
Qazlal accepts your kill.
Your Fighting skill increases to level 5!
Something hits you but does no damage.
The orc priest hits you but does no damage.
Unknown command.
Something hits you but does no damage. You block the orc warrior's attack.
The orc priest hits you with a +0 trident.
* * * LOW HITPOINT WARNING * * *
There is a stone staircase leading down here.
Things that are here:
a +0 giant club; an ogre corpse Something hits you but does no damage.
You hear some strange, mumbled words.
A magic dart appears from out of thin air!
The magic dart hits you but does no damage.
You block the orc warrior's attack.
The orc priest hits you but does no damage.
You climb downwards.
Reactivating autopickup.
There is a stone staircase leading up here.
You hit the orc priest.
The orc priest is poisoned.
Something hits you but does no damage.
Deactivating autopickup; reactivate with Ctrl-A.
You hit the orc priest.
The orc priest looks as sick as possible!
The orc warrior throws a boomerang.
The boomerang hits you!
You die...

........##.#.###
.###...........#
#####.###.#.#
#.##....#
########.##....#
#.....##.......###
#.....##.##.....o#
#.....##.......#.#
#........).....#@#
#.....##)#..#..#o#
###.#.##)#.......#
#..^.........###
###.#)##.##.##
###......##.#
#..÷....###.#
#.......#
#.....#.#


You could see an orc warrior and an orc priest.

Vanquished Creatures
  A troll (D:10)
  A hornet (D:7)
  2 ice beasts
  2 phantoms (D:6)
  7 ogres
  A bullfrog (D:7)
  3 killer bees (D:10)
  19 wights
  2 howler monkeys
  A bullfrog zombie (D:7)
  2 hounds
  A jelly (D:5)
  A bullfrog skeleton (D:9)
  4 orc wizards
  An iguana (D:10)
  A hound zombie (D:10)
  A worker ant zombie (D:5)
  3 adders
  3 oozes
  2 adder skeletons
  2 worms
  3 dart slugs
  8 orcs
  2 ball pythons
  4 giant cockroaches
  13 goblins
  7 hobgoblins
  6 jackals
  5 quokkas
  7 bats
  5 frilled lizards
  A jackal skeleton (D:7)
  12 kobolds
  2 leopard gecko skeletons (D:4)
  A quokka skeleton (D:4)
  14 rats
150 creatures vanquished.

Notes
Turn   | Place    | Note
-------+----------+-------------------------------------------
     0 | D:1      | MrTaco21 the Gargoyle Fighter began the quest for the Orb.
     0 | D:1      | Reached XP level 1. HP: 14/14 MP: 1/1
   149 | D:1      | Reached XP level 2. HP: 13/19 MP: 2/2
   192 | D:1      | Reached skill level 3 in Maces & Flails
   698 | D:2      | Reached XP level 3. HP: 23/23 MP: 3/3
   712 | D:2      | Found a blossoming altar of Fedhas.
   866 | D:2      | Reached skill level 4 in Maces & Flails
   937 | D:2      | Reached XP level 4. HP: 24/28 MP: 4/4
  1783 | D:3      | Found a shadowy altar of Dithmenos.
  1879 | D:3      | Found a shimmering altar of Xom.
  2093 | D:3      | Reached skill level 5 in Maces & Flails
  2180 | D:3      | Reached XP level 5. HP: 30/32 MP: 5/5
  2298 | D:4      | Noticed an ogre
  2305 | D:4      | Killed an ogre
  2444 | D:4      | Reached skill level 6 in Maces & Flails
  2444 | D:4      | Reached XP level 6. HP: 37/37 MP: 6/6
  2800 | D:4      | Reached skill level 7 in Maces & Flails
  3284 | D:5      | Entered Level 5 of the Dungeon
  3290 | D:5      | Reached XP level 7. HP: 41/41 MP: 7/7
  3545 | D:5      | Reached skill level 8 in Maces & Flails
  3626 | D:5      | Found a hide-covered altar of Uskayaw.
  4386 | D:6      | Reached skill level 9 in Maces & Flails
  4386 | D:6      | Reached XP level 8. HP: 39/46 MP: 8/8
  5119 | D:7      | Noticed a hornet
  5130 | D:7      | Killed a hornet
  5130 | D:7      | Reached skill level 10 in Maces & Flails
  5866 | D:7      | Found a staircase to the Ecumenical Temple.
  5899 | Temple   | Entered the Ecumenical Temple
  5960 | Temple   | Became a worshipper of Qazlal Stormbringer
  6017 | D:7      | Reached skill level 11 in Maces & Flails
  6069 | D:7      | Reached XP level 9. HP: 49/51 MP: 9/9
  6418 | D:7      | You fall into a shaft and drop 3 floors!
  6418 | D:10     | Entered Level 10 of the Dungeon
  6516 | D:10     | Reached skill level 12 in Maces & Flails
  6804 | D:10     | Noticed a troll
  6835 | D:10     | Killed a troll
  6973 | D:9      | Reached * piety under Qazlal
  6973 | D:9      | Reached skill level 5 in Shields
  7003 | D:9      | Reached skill level 5 in Fighting
  7008 | D:10     | Hit by a boomerang thrown by an orc warrior

Levels and vault maps discovered:
D:1:      dpeg_arrival_brainrot, layout_rooms, chequers_garden
D:2:      layout_loops_ring, fedhas_ov_isle_minmay, minmay_hexomino_p4
D:3:      layout_rooms, chequers_temple_overflow_statue_of_worship, first_ration
D:4:      layout_rooms, kennysheep_generic_room_6
D:5:      layout_loops_corners, lemuel_crystal_altar
D:6:      layout_loops_cross, minmay_misc_feat_doors
D:7:      layout_loops_ring, lemuel_crystal_altar, minmay_temple_entry_ruins,
          uniq_duvessa
D:9:      layout_long_grid, marbit_many_paths, kennysheep_mini
D:10:     layout_loops_cross, dpeg_lair_monsters, gammafunk_ghost_spectres,
          disabler_island
Temple:   cyrus_circular_temple

Skill      XL: |  1  2  3  4  5  6  7  8  9 |
---------------+----------------------------+-----
Maces & Flails | 3 4 5 6 7 9 11 12 | 12.0
Shields        | 5 |  5.3
Fighting       | 5 |  5.1
Armour         | |  3.2

Action                   |  1- 3 |  4- 6 |  7- 9 || total
-------------------------+-------+-------+-------++-------
Melee: Flail             |    90 |   106 |       ||   196
       Whip              |       |   101 |   550 ||   651
Throw: Dart              |       |       |     9 ||     9
  Use: Scroll            |       |     1 |     1 ||     2
  Eat: Chunk             |       |     8 |     7 ||    15
       Ration            |       |       |     1 ||     1
Armor: Scale mail        |    37 |   119 |       ||   156
       Chain mail        |       |       |   168 ||   168
Dodge: Dodged            |    23 |    77 |    67 ||   167
Block: Kite shield       |    48 |   152 |   165 ||   365

Table legend:
 A = Non-vault XP
 B = Vault XP
 C = Vault XP percentage of total XP
 D = Non-vault monster count
 E = Vault monster count
 F = Vault count percentage of total count
                 A         B        C        D         E       F
            +---------+---------+-------+---------+---------+-------
      Total |    3816 |     295 |   7.2 |     144 |       6 |   4.0
            +---------+---------+-------+---------+---------+-------
        D:1 |      33 |       0 |   0.0 |      17 |       0 |   0.0
        D:2 |      72 |       5 |   6.5 |      29 |       3 |   9.4
        D:3 |      57 |     113 |  66.5 |      29 |       1 |   3.3
        D:4 |     216 |     118 |  35.3 |      14 |       1 |   6.7
        D:5 |     478 |       0 |   0.0 |      12 |       0 |   0.0
        D:6 |     392 |       0 |   0.0 |       6 |       0 |   0.0
        D:7 |    1434 |       0 |   0.0 |      22 |       0 |   0.0
        D:9 |     202 |      59 |  22.6 |       4 |       1 |  20.0
       D:10 |     932 |       0 |   0.0 |      11 |       0 |   0.0
            +---------+---------+-------+---------+---------+-------
